 Dungeon Crawl Stone Soup version 0.23.1 (webtiles) character file.

Game seed: 1192219405153364207

183 Borgoz the Sneak (level 5, 0/37 (38) HPs)
             Began as a Ghoul Enchanter on Mar 14, 2019.
             Killed from afar by an orc wizard (11 damage)
             ... with a magic dart
             ... on level 6 of the Dungeon.
             The game lasted 00:05:46 (3450 turns).

Borgoz the Sneak (Ghoul Enchanter)                  Turns: 3450, Time: 00:05:47

HP:   0/37 (38)     AC:  3    Str:  9    XL:     5   Next: 62%
MP:   2/7           EV: 12    Int: 10    God:
Gold: 133           SH:  0    Dex: 10    Spells: 2/8 levels left

rFire    . . .     SeeInvis .   a - +1 dagger
rCold    + . .     Gourm    .   (no shield)
rNeg     + + +     Faith    .   b - +1 robe
rPois    ∞         Spirit   .   (no helmet)
rElec    .         Reflect  .   (no cloak)
rCorr    .         Harm     .   (no gloves)
MR       .....                  (no boots)
Stlth    +++.......             (no amulet)
HPRegen  0.00/turn              c - ring of stealth
MPRegen  0.10/turn              i - -3 ring of strength (curse)

@: very slightly contaminated, rotting
A: rotting body, claws 1, carnivore, cold resistance 1, negative energy
resistance 3, inhibited regeneration, torment resistance, unbreathing
a: no special abilities


You were on level 6 of the Dungeon.
You were very hungry.

You visited 1 branch of the dungeon, and saw 4 of its levels.

You collected 133 gold pieces.

Inventory:

Hand Weapons
 a - a +1 dagger (weapon)
Armour
 b - a +1 robe (worn)
Jewellery
 c - a ring of stealth (left claw)
 i - a cursed -3 ring of strength (right claw)
Wands
 e - a wand of acid (9)
Comestibles
 d - 4 rations


   Skills:
 + Level 0.0 Fighting
 * Level 2.9 Short Blades
 + Level 1.9 Armour
 + Level 2.7 Dodging
 + Level 3.2 Stealth
 + Level 2.2 Spellcasting
 + Level 2.8 Hexes


You had 2 spell levels left.
You knew the following spells:

 Your Spells              Type           Power        Failure   Level  Hunger
a - Corona                Hex            #......      10%         1    ##.....
b - Ensorcelled Hibernat  Hex/Ice        #.....       26%         2    ###....
c - Confuse               Hex            #.......     28%         3    ####...

Your spell library contained the following spells:

 Spells                   Type           Power        Failure   Level  Hunger
 Tukima's Dance           Hex            #.......     28%         3    ####...
 Dazzling Spray           Conj/Hex       #.....       45%         3    ####...


Dungeon Overview and Level Annotations

Branches:
Dungeon (3/15)

Altars:
Yredelemnul


Innate Abilities, Weirdness & Mutations

Your body is rotting away.
You thrive on raw meat.
You are immune to poison.
You have sharp fingernails.
You are carnivorous and can eat meat at any time.
Your flesh is cold resistant. (rC+)
You are immune to negative energy. (rN+++)
You do not regenerate when monsters are visible.
You are immune to unholy pain and torment.
You can survive without breathing.


Message History

Press: ? - help, Shift-Dir - straight line, f/p - orc wizard
Aim: an orc wizard, wielding a +0 dagger and wearing a +0 robe (severely wounded, fast)
You throw a throwing net.
The throwing net closely misses the orc wizard.
The orc wizard begins to cast a cantrip, but forgets the words!
The orc wizard hits you with a +0 dagger.
* * * LOW HITPOINT WARNING * * *
Throwing (i - inventory)
k - a throwing net (quivered)
Press: ? - help, Shift-Dir - straight line, f/p - orc wizard
Aim: an orc wizard, wielding a +0 dagger and wearing a +0 robe (severely wounded, fast)
You throw a throwing net. The throwing net hits the orc wizard.
The orc wizard is caught in the net!
The orc wizard is severely wounded.
The orc wizard struggles against the net.
You hit the orc wizard.
The orc wizard is severely wounded.
The orc wizard struggles against the net.
The orc wizard gestures at you while chanting.
The magic dart hits you!
You die...

###########....#
#.........#....#
#.#######.####.# #.#
#.## #.###### #.#
####.#.###......# #.#
#...###.##.####.# #.#
#.##.#.###.####.#
#.###.###.###.........
#........@.......##.##
###.#.###o###.......#
#.#.# #.# ##.######
##.#.# #.# #.# #....#
#.# #.# #..### #.# #+#
#..# #.# #... .(# #.#.


You could see an orc wizard (caught).

Vanquished Creatures
  A centaur zombie (D:6)
  A hound (D:6)
  A bullfrog skeleton (D:6)
  A hound zombie (D:6)
  3 adders (D:2)
  A worm (D:3)
  3 dart slugs
  A leopard gecko (D:2)
  4 bats
  5 giant cockroaches
  4 goblins
  9 hobgoblins
  5 frilled lizards
  5 kobolds (D:2)
  3 rats (D:1)
47 creatures vanquished.

Notes
Turn   | Place    | Note
-------+----------+-------------------------------------------
     0 | D:1      | Borgoz the Ghoul Enchanter began the quest for the Orb.
     0 | D:1      | Reached XP level 1. HP: 14/14 MP: 2/2
     5 | D:1      | Reached skill level 1 in Short Blades
    78 | D:1      | Reached XP level 2. HP: 20/20 MP: 3/3
  1104 | D:2      | Reached skill level 1 in Armour
  1104 | D:2      | Reached XP level 3. HP: 26/26 MP: 4/4
  1322 | D:2      | Learned a level 2 spell: Ensorcelled Hibernation
  1819 | D:2      | Reached XP level 4. HP: 27/33 MP: 1/5
  2495 | D:3      | Learned a level 3 spell: Confuse
  2514 | D:3      | Found a basalt altar of Yredelemnul.
  2516 | D:3      | You fall through a shaft for 3 floors!
  2796 | D:6      | Reached XP level 5. HP: 19/38 MP: 2/7
  3353 | D:6      | Noticed a water moccasin
  3450 | D:6      | Killed from afar by an orc wizard

Skill      XL: |  1  2  3  4 |
---------------+-------------+-----
Short Blades   | 1 2 |  2.9
Dodging        | 2 |  2.7
Armour         | 1 |  1.9
Spellcasting   | 2 |  2.2
Stealth        | |  3.2
Hexes          | |  2.8

Action                   |  1- 3 |  4- 6 || total
-------------------------+-------+-------++-------
Melee: Dagger            |   231 |   114 ||   345
Throw: Throwing net      |       |     2 ||     2
 Cast: Ensorcelled Hiber |     4 |     4 ||     8
       Corona            |     1 |       ||     1
       Confuse           |       |     2 ||     2
Evoke: Wand              |       |     1 ||     1
  Use: Scroll            |     7 |       ||     7
       Potion            |     5 |     2 ||     7
 Stab: Sleeping          |     6 |     2 ||     8
       Confused          |       |     2 ||     2
  Eat: Chunk             |    15 |     1 ||    16
Armor: Robe              |    57 |    28 ||    85
Dodge: Dodged            |   179 |    63 ||   242
